 Dungeon Crawl Stone Soup version 0.20-a0-19-gd4fea00 (webtiles) character file.

276 Flintgrin the Ruffian (level 6, -8/61 HPs)
             Began as a Troll Monk on Nov 7, 2016.
             Was a Believer of Dithmenos.
             Mangled by an orc warrior
             ... wielding a +0 hand axe
              (9 damage)
             ... on level 4 of the Dungeon.
             The game lasted 00:43:11 (2695 turns).

Flintgrin the Ruffian (Troll Monk)                  Turns: 2695, Time: 00:43:11

Health: -8/61      AC:  6    Str: 20    XL:     6   Next: 4%
Magic:  0/5        EV: 11    Int:  6    God:    Dithmenos [**....]
Gold:   216        SH:  0    Dex: 14    Spells: 0 memorised, 5 levels left

rFire  + . .     SeeInvis .     s - +1 mace
rCold  x . .     Gourm    +     B - +0 robe
rNeg   . . .     Faith    .     (no shield)
rPois  .         Spirit   +     (helmet restricted)
rElec  .         Reflect  .     o - +0 cloak
rCorr  .         Harm     .     (gloves unavailable)
MR     .....                    (boots unavailable)
Stlth  ++........               m - amulet of guardian spirit
                                (no ring)
                                y - ring of fire

@: wreathed by umbra
A: unfitting armour, claws 3, fast metabolism 3, gourmand, regeneration 1,
shaggy fur 1, tough skin 2
a: Shadow Step, Renounce Religion


You were on level 4 of the Dungeon.
You worshipped Dithmenos.
Dithmenos was pleased with you.
You were very full.

You visited 1 branch of the dungeon, and saw 4 of its levels.

You collected 216 gold pieces.

Inventory:

Hand Weapons
 f - a +0 spear
 g - a +0 dagger
 h - a +0 dagger
 i - a +0 dagger
 j - a +0 hunting sling
 n - a +3 quarterstaff of chaos
 q - a +0 mace
 s - a +1 mace (weapon)
 t - a +0 spear
 u - a +0 club
 w - a +2 vampiric spear
 x - a +0 hunting sling
 z - a +0 club
 C - a +0 long sword
 F - a +0 dagger
 G - a +0 club
 H - a +0 dagger
 I - a +0 hunting sling
 J - a +0 dagger
 N - a +0 hand axe
Missiles
 c - 69 arrows
 e - 61 stones (quivered)
 k - 50 sling bullets
 A - 5 javelins
Armour
 a - a +0 robe
 l - a +0 robe
 o - a +0 cloak (worn)
 B - a +0 robe (worn)
Jewellery
 m - an amulet of guardian spirit (around neck)
 y - a ring of fire (left claw)
Wands
 D - a wand of polymorph (20/24)
Scrolls
 p - a scroll of amnesia
 E - 2 scrolls of remove curse
Potions
 d - 2 potions of flight
 r - a potion of brilliance
 v - 2 potions of degeneration
 M - a potion of haste {unknown}
Comestibles
 b - 2 bread rations
 O - 2 chunks of flesh


   Skills:
 + Level 3.3 Fighting
 + Level 1.0(1.8) Maces & Flails
 - Level 2.1(2.2) Staves
 + Level 0.5(0.7) Slings
 + Level 1.0(1.2) Throwing
 + Level 3.1 Dodging
 + Level 1.2 Stealth
 + Level 3.8 Unarmed Combat


You had 5 spell levels left.
You didn't know any spells.

Dungeon Overview and Level Annotations

Branches:
Dungeon (4/15)
 Temple: D:4-7

Altars:
Dithmenos
Trog
Vehumet


Innate Abilities, Weirdness & Mutations

You are too large for most types of armour.
You have claws for hands.
Your metabolism is lightning-fast.
You like to eat raw meat.
Your natural rate of healing is unusually fast.
You are covered in fur. (AC +1)
You have very tough skin. (AC +2)


Message History

The orc priest mumbles some strange prayers to Beogh against you.
Beogh smites you!
The orc warrior hits you with a hand axe!
You barely miss the orc warrior.
The orc warrior is moderately wounded.
The orc priest looks braver for a moment.
The orc warrior closely misses you.
The orc warrior hits you with a hand axe!
* * * LOW HITPOINT WARNING * * *
There is an open door, spattered with blood here.
You hit the orc warrior but do no damage.
The orc warrior is moderately wounded.
The orc warrior hits you with a hand axe!
* * * LOW HITPOINT WARNING * * *
The orc warrior hits you with a hand axe.
* * * LOW HITPOINT WARNING * * *
You sock the orc warrior! You claw the orc warrior!
The orc warrior is almost dead.
The orc warrior hits you with a hand axe!
You die...

########### ..........#
#########.# #..<#.# #.###.#
#.....# ### ###########
######.=.
..........#########........
..........'.....@ooo.....$.
..........#########o.......
..........# #........
..........# #........
..........# #........
..........#########.....!.)
..........##......#........
...........#......#####....
...........#......# #.##


You could see an orc warrior, an orc priest and 2 orcs.

Vanquished Creatures
  A hippogriff (D:3)
  Crazy Yiuf (D:2)
  A worker ant (D:4)
  2 adders
  A leopard gecko (D:3)
  2 orcs
  5 giant cockroaches
  5 hobgoblins
  2 jackals (D:4)
  3 kobolds
  A quokka (D:4)
  5 bats (D:1)
  A frilled lizard (D:1)
  4 rats
  A plant (D:3)
35 creatures vanquished.

Notes
Turn   | Place    | Note
-------+----------+-------------------------------------------
     0 | D:1      | Flintgrin the Troll Monk began the quest for the Orb.
     0 | D:1      | Reached XP level 1. HP: 22/22 MP: 0/0
   937 | D:2      | Reached XP level 2. HP: 27/29 MP: 1/1
  1486 | D:2      | Found a runed door.
  1493 | D:2      | Noticed Crazy Yiuf
  1508 | D:2      | Killed Crazy Yiuf
  1508 | D:2      | Reached XP level 3. HP: 36/36 MP: 0/2
  1598 | D:2      | You fall through a shaft!
  1614 | D:3      | Noticed a hippogriff
  2069 | D:3      | Killed a hippogriff
  2069 | D:3      | Reached skill level 1 in Maces & Flails
  2069 | D:3      | Reached skill level 1 in Throwing
  2069 | D:3      | Reached XP level 4. HP: 4/45 MP: 1/3
  2069 | D:3      | Reached XP level 5. HP: 5/53 MP: 1/4
  2083 | D:3      | Found a bloodstained altar of Trog.
  2085 | D:3      | Found a radiant altar of Vehumet.
  2091 | D:3      | Found a shadowy altar of Dithmenos.
  2196 | D:3      | Became a worshipper of Dithmenos the Shadowed
  2196 | D:3      | Reached * piety under Dithmenos
  2196 | D:3      | Reached ** piety under Dithmenos
  2411 | D:4      | Reached XP level 6. HP: 61/61 MP: 5/5
  2680 | D:4      | Noticed an orc warrior
  2694 | D:4      | HP: 1/61 [orc warrior/hand axe (5)]
  2695 | D:4      | Mangled by an orc warrior

Vault maps used:
D:1:      roderic_octagonal_star
D:2:      uniq_crazy_yiuf_cottage
D:3:      gammafunk_temple_overflow_forgotten, first_bread
D:4:      serial_shops, shop

Skill      XL: |  1  2  3 |
---------------+----------+-----
Fighting       | 3 |  3.3
Maces & Flails | 1 |  1.0
Staves         | 2 |  2.1
Throwing       | 1 |  1.0
Dodging        | 3 |  3.1
Slings         | |  0.5
Stealth        | |  1.2
Unarmed Combat | |  3.8

Action                   |  1- 3 |  4- 6 || total
-------------------------+-------+-------++-------
Melee: Unarmed           |    38 |       ||    38
       Punch             |     1 |     1 ||     2
       Mace              |    17 |    35 ||    52
       Quarterstaff      |    26 |    31 ||    57
 Fire: Hunting sling     |     7 |       ||     7
Throw: Stone             |    17 |       ||    17
  Use: Scroll            |     9 |     4 ||    13
       Potion            |     4 |     1 ||     5
  Eat: Chunk             |     8 |    11 ||    19
       Bread ration      |     1 |       ||     1
       Pizza             |     1 |       ||     1
       Meat ration       |     1 |       ||     1
Armor: Robe              |    37 |    13 ||    50
Dodge: Dodged            |    67 |    23 ||    90
